 Dungeon Crawl Stone Soup version 0.19-a0-1670-gc28a5d9 (webtiles) character file.

395 st0uf the Digger (level 6, -3/32 HPs)
             Began as a Gargoyle Earth Elementalist on Sept 21, 2016.
             Was a Believer of Vehumet.
             Slain by a wyvern zombie (12 damage)
             ... in an ossuary.
             The game lasted 00:20:31 (3551 turns).

st0uf the Digger (Gargoyle Earth Elementalist)      Turns: 3551, Time: 00:20:32

Health: -3/32      AC:  6    Str: 12    XL:     6   Next: 82%
Magic:  7/13       EV: 12    Int: 17    God:    Vehumet [**....]
Gold:   170        SH:  0    Dex: 10    Spells: 3 memorised, 5 levels left

rFire  . . .     SeeInvis +     (no weapon)
rCold  . . .     Gourm    .     c - +0 robe
rNeg   + . .     Faith    .     (no shield)
rPois  ∞         Spirit   .     (no helmet)
rElec  +         Dismiss  .     (no cloak)
rCorr  +         Reflect  .     (no gloves)
MR     .....     Harm     .     (no boots)
Stlth  ++........               (no amulet)
                                x - ring of resist corrosion
                                g - ring of see invisible

@: no status effects
A: negative energy resistance 1, electricity resistance, unbreathing,
petrification resistance, rot immunity, AC +4
a: Renounce Religion


You were in an ossuary.
You worshipped Vehumet.
Vehumet was pleased with you.
You were not hungry.

You visited 1 branch of the dungeon, and saw 4 of its levels.
You also visited: Ossuary.

You collected 170 gold pieces.

Inventory:

Missiles
 b - 72 stones (quivered)
Armour
 c - a +0 robe (worn)
Jewellery
 g - a ring of see invisible (left hand)
 o - an uncursed ring of ice
 x - a ring of resist corrosion (right hand)
Scrolls
 a - 4 scrolls of identify
 h - 2 scrolls of magic mapping {unknown}
 i - 4 scrolls of remove curse
 k - a scroll of amnesia {unknown}
 l - 2 scrolls of recharging {unknown}
 n - a scroll of enchant armour {unknown}
 p - a scroll of blinking {unknown}
 q - 2 scrolls of teleportation {unknown}
 r - a scroll of fog {unknown}
 u - 2 scrolls of random uselessness {unknown}
Potions
 j - 2 potions of brilliance {unknown}
 m - a potion of invisibility {unknown}
 s - a potion of heal wounds {unknown}
 t - 3 potions of might {unknown}
 v - a potion of curing
Books
 e - a book of Geomancy

   Spells                             Type                      Level
   a - Sandblast                      Earth                        1
   b - Passwall                       Transmutation/Earth          2
   c - Stone Arrow                    Conjuration/Earth            3
   d - Petrify                        Transmutation/Earth          4
   e - Lee's Rapid Deconstruction     Earth                        5
Comestibles
 d - a bread ration
 f - 3 meat rations


   Skills:
 - Level 1.5 Dodging
 - Level 2.1 Stealth
 * Level 4.8 Spellcasting
 + Level 2.9 Conjurations
   Level 0.7 Transmutations
 + Level 5.6 Earth Magic


You had 5 spell levels left.
You knew the following spells:

 Your Spells              Type           Power        Failure   Level  Hunger
a - Sandblast             Erth           ###...       1%          1    None
b - Stone Arrow           Conj/Erth      ###...       10%         3    ###....
c - Lee's Rapid Deconstr  Erth           ###.......   45%         5    ######.


Dungeon Overview and Level Annotations

Branches:
Dungeon (4/15)
 Temple: D:4-7

Altars:
Cheibriados
Vehumet
Zin


Innate Abilities, Weirdness & Mutations

You are resistant to torment.
Your stone body is resilient. (AC +4)
You are immune to poison.
You resist negative energy. (rN+)
You are resistant to electric shocks. (rElec)
You can survive without breathing.
You are immune to petrification.
You are immune to rotting.


Message History

Casting: Sandblast
Confirm with . or Enter, or press ? or * to list all spells.
Aiming: Sandblast
Press: ? - help, Shift-Dir - straight line, f/p - wyvern zombie
Aim: a wyvern zombie (moderately damaged)
The blast of sand hits the wyvern zombie.
The wyvern zombie is moderately damaged.
The wyvern zombie bites you!
* * * LOW HITPOINT WARNING * * *
The wyvern zombie closely misses you.
You feel better. The wyvern zombie closely misses you.
Casting: Sandblast
Confirm with . or Enter, or press ? or * to list all spells.
Aiming: Sandblast
Press: ? - help, Shift-Dir - straight line, f/p - wyvern zombie
Aim: a wyvern zombie (moderately damaged)
The blast of sand hits the wyvern zombie.
The wyvern zombie is moderately damaged.
The wyvern zombie bites you!
You die...

#### ## ≈≈≈## #≈# ##
#### #≈≈#≈##≈≈ ≈≈# ≈≈≈#
##≈#≈#≈≈ ≈###≈≈≈#
#≈#≈##≈≈#≈#≈###≈≈≈≈≈# #
#≈##≈#≈≈≈≈#≈##≈Z#
#≈##≈≈P≈P#P≈P≈.#@#.≈#
#≈≈#≈.≈.#'#≈≈≈#'#.≈###
#P≈≈≈≈≈≈.≈≈≈≈≈≈≈≈.≈≈≈
≈#####.#####≈#####≈###≈#
≈≈≈#P+≈#...#≈# ≈'P # #
#≈≈#≈'.∩.#≈# ≈##≈
≈≈#≈..≈#..∩#≈# ≈. #
#≈≈##≈≈#####≈#
≈≈≈≈P≈.≈.# '≈+


You could see a wyvern zombie.

Vanquished Creatures
  A wyvern zombie (Ossuary)
  2 hound zombies (Ossuary)
  8 mummies
  A howler monkey zombie (Ossuary)
  3 adders (D:3)
  An ooze (D:4)
  2 adder zombies (Ossuary)
  2 worms
  2 dart slugs (D:1)
  3 leopard geckos
  8 orcs
  8 bats
  4 giant cockroaches
  5 goblins
  6 hobgoblins
  3 jackals (D:4)
  11 kobolds
  3 quokkas
  A ball python (D:1)
  A ball python zombie (Ossuary)
  4 frilled lizards
  A quokka zombie (Ossuary)
  3 rats
83 creatures vanquished.

Vanquished Creatures (others)
  2 withered plants (Ossuary)
2 creatures vanquished.

Grand Total: 85 creatures vanquished

Notes
Turn   | Place    | Note
-------+----------+-------------------------------------------
     0 | D:1      | st0uf the Gargoyle Earth Elementalist began the quest for the Orb.
     0 | D:1      | Reached XP level 1. HP: 10/10 MP: 3/3
   227 | D:1      | Reached XP level 2. HP: 8/15 MP: 0/5
   550 | D:1      | Reached skill level 4 in Earth Magic
   777 | D:1      | Reached XP level 3. HP: 16/19 MP: 1/7
   913 | D:1      | Learned a level 3 spell: Stone Arrow
  1082 | D:2      | Found a radiant altar of Vehumet.
  1121 | D:2      | Became a worshipper of Vehumet
  1446 | D:2      | Found a snail-covered altar of Cheibriados.
  1864 | D:3      | Reached skill level 1 in Conjurations
  1869 | D:3      | Reached XP level 4. HP: 24/24 MP: 1/8
  2329 | D:3      | Reached * piety under Vehumet
  2329 | D:3      | Offered knowledge of Shock by Vehumet.
  2683 | D:3      | Found a glowing silver altar of Zin.
  2777 | D:4      | Reached XP level 5. HP: 22/28 MP: 2/10
  2785 | D:4      | Learned a level 5 spell: Lee's Rapid Deconstruction
  2885 | D:4      | Found a sand-covered staircase.
  2973 | Ossuary  | Entered an ossuary
  2990 | Ossuary  | Reached skill level 5 in Earth Magic
  3219 | Ossuary  | Reached XP level 6. HP: 32/32 MP: 6/12
  3285 | Ossuary  | Reached ** piety under Vehumet
  3315 | Ossuary  | Offered knowledge of Magic Dart by Vehumet.
  3551 | Ossuary  | Slain by a wyvern zombie

Vault maps used:
D:1:      evilmike_arrival_rings, minmay_misc_feat_alley, minmay_domino_2
D:2:      cheibriados_altar_1, vehumet_crystals
D:3:      zin_academy
D:4:      makhleb_blood_cavern_becter, gup_ossuary_entry_pyramid, uniq_duvessa,
          uniq_pikel, uniq_menkaure
Ossuary:  ossuary_zaba_flooded

Skill      XL: |  1  2  3  4  5 |
---------------+----------------+-----
Earth Magic    | 4 5 |  5.6
Spellcasting   | 3 4 |  4.8
Conjurations   | 1 2 |  2.9
Dodging        | |  1.5
Stealth        | |  2.1
Transmutations | |  0.7

Action                   |  1- 3 |  4- 6 || total
-------------------------+-------+-------++-------
Melee: Unarmed           |     6 |    19 ||    25
 Cast: Sandblast         |    79 |   147 ||   226
  Use: Scroll            |       |     2 ||     2
       Potion            |       |     2 ||     2
  Eat: Chunk             |     3 |     4 ||     7
       Royal jelly       |       |     1 ||     1
Armor: Robe              |    16 |    34 ||    50
Dodge: Dodged            |    16 |    79 ||    95
